 Dungeon Crawl Stone Soup version 0.30.1 (webtiles) character file.

Game seed: 13307648096838696829

660 H0rd4k the Sneak (level 7, -3/45 HPs)
             Began as an Octopode Artificer on July 4, 2023.
             Was an Initiate of Gozag.
             Slain by an iguana (12 damage)
             ... on level 5 of the Dungeon.
             The game lasted 00:05:00 (4925 turns).

H0rd4k the Sneak (Octopode Artificer)               Turns: 4925, Time: 00:05:01

Health: -3/45      AC:  1    Str: 11    XL:     7   Next: 56%
Magic:  7/7        EV: 15    Int: 22    God:    Gozag
Gold:   156        SH:  0    Dex: 18    Spells: 6/6 levels left

rFire   + .          .
                       - Unarmed
rCold   x . .        (no shield)
rNeg    . . .        (helmet restricted)
rPois   .            (no amulet)
rElec   .            a - +6 ring of intelligence
rCorr   .            j - ring of see invisible
SInv    +            l - ring of fire
Will    .....        w - +6 ring of dexterity
Stlth   ++++         (no ring)
HPRegen 0.27/turn    (no ring)
MPRegen 0.10/turn    (no ring)
                     (no ring)

%: no passive effects
@: gold aura
A: almost no armour, amphibious, 8 rings, camouflage 1, gelatinous body 1,
(nimble swimmer 1), tentacles
a: Renounce Religion, Potion Petition, Call Merchant, Bribe Branch


You were on level 5 of the Dungeon.
You worshipped Gozag.
Gozag was aware of your devotion.
You visited 1 branch of the dungeon, and saw 5 of its levels.

You collected 251 gold pieces.
You paid 95 gold pieces to Gozag.

Inventory:

Missiles
 i - 3 curare-tipped darts
Jewellery
 a - a +6 ring of intelligence (left tentacle)
 j - a ring of see invisible (right tentacle)
 l - a ring of fire (on tentacle)
 w - a +6 ring of dexterity (on tentacle)
Wands
 c - a wand of charming (4)
 d - a wand of iceblast (2)
Scrolls
 f - 6 scrolls of teleportation {unknown}
 g - 6 scrolls of identify {unknown}
 m - a scroll of fear {unknown}
 o - a scroll of acquirement {unknown}
 q - a scroll of torment {unknown}
 r - a scroll of noise {unknown}
 s - a scroll of fog {unknown}
 v - a scroll of poison {unknown}
Potions
 b - a potion of brilliance {unknown}
 e - a potion of lignification {unknown}
 h - 5 potions of curing {unknown}
 k - 2 potions of flight {unknown}
 n - a potion of cancellation {unknown}
 p - 2 potions of magic {unknown}
 t - a potion of degeneration {unknown}
 u - 3 potions of ambrosia {unknown}
 x - a potion of attraction {unknown}


   Skills:
 + Level 2.1 Fighting
 + Level 3.9 Dodging
 + Level 6.3 Stealth
 + Level 4.2 Unarmed Combat
 + Level 4.7 Evocations


You had 6 spell levels left.
You didn't know any spells.
Your spell library contained the following spells:

 Spells                   Type           Power      Damage    Failure   Level
 Ensorcelled Hibernation  Hex/Ice        0%         N/A       26%         2
 Spider Form              Tmut/Pois      0%         N/A       45%         3
 Anguish                  Hex/Necr       0%         N/A       86%         4


Dungeon Overview and Level Annotations

Branches:
Dungeon (5/15)
 Temple: D:4-7

Altars:
Gozag

Shops:
D:4 (

Annotations:
D:1 1 transporter, exclusion: downstairs
D:5 1 exclusion


Innate Abilities, Weirdness & Mutations

You cannot wear most types of armour.
You are amphibious.
You can wear up to eight rings at the same time.
Your skin changes colour to match your surroundings (Stealth+).
Your rubbery body absorbs attacks. (AC +1, EV +1)
((You are camouflaged when in or above water. (Stealth+)))
You have tentacles for arms and can constrict up to eight enemies at once.


Message History

The iguana completely misses you.
The howler monkey hoots and howls with incredible vigour!
You hear a bark!
You release your grip on the iguana.
You release your grip on the howler monkey.
The iguana closely misses you.
There is an open door here.
The iguana attacks as you move away! The iguana bites you!
The howler monkey closely misses you.
You tentacle-slap the howler monkey. You grab the howler monkey.
You squeeze the howler monkey, but do no damage.
The howler monkey is moderately wounded.
You constrict the howler monkey. The howler monkey barely misses you.
You tentacle-slap the howler monkey.
The howler monkey is severely wounded.
You constrict the howler monkey.
The howler monkey hoots and howls with incredible vigour!
You hear a bark!
You bludgeon the howler monkey!
You kill the howler monkey!
You barely miss the iguana. You grab the iguana. You squeeze the iguana.
The iguana is moderately wounded.
You constrict the iguana. The iguana barely misses you.
You tentacle-slap the iguana but do no damage.
You tentacle-slap the iguana.
You squeeze the iguana, but do no damage.
The iguana is heavily wounded.
You constrict the iguana, but do no damage.
The iguana bites you!
You tentacle-slap the iguana but do no damage.
The iguana is heavily wounded.
You constrict the iguana, but do no damage.
The iguana bites you!
* * * LOW HITPOINT WARNING * * *
You tentacle-slap the iguana.
You squeeze the iguana, but do no damage.
The iguana is severely wounded.
You constrict the iguana. The iguana bites you!
You die...
Your body crumbles into a pile of gold.

.............# #.####
#............# #....#
##........... #....#
##.......... #....#
#.#########
#....########'#### #.
#....#...........# #.
#....#...........# ##
#....l@..........###
##...#.............#
#...#.............####
#...#.................
#...#########.........
##### #.........
##.........
#8...._....
#...8...8..


You could see an iguana.

Vanquished Creatures
  Pargi (D:4)
  A phantom (D:5)
  Blork the orc (D:4)
  A howler monkey (D:5)
  A jelly (D:5)
  Terence (D:2)
  Jessica (D:2)
  3 iguanas (D:5)
  An orc wizard (D:3)
  A gnoll (D:5)
  3 adders
  A white imp (D:5)
  A worm (D:4)
  A dart slug (D:5)
  12 orcs
  7 ball pythons
  3 endoplasms
  4 giant cockroaches
  6 goblins
  3 hobgoblins
  4 jackals (D:1)
  3 quokkas
  2 bats
  12 frilled lizards
  3 kobolds
  8 rats
85 creatures vanquished.

Vanquished Creatures (collateral kills)
  A hound (D:5)
  An orc wizard (D:4)
  A gnoll (D:5)
  An adder (D:4)
  3 orcs (D:4)
7 creatures vanquished.

Vanquished Creatures (others)
  A gnoll (D:5)
  2 orcs (D:3)
3 creatures vanquished.

Grand Total: 95 creatures vanquished

Notes
Turn   | Place    | Note
-------+----------+-------------------------------------------
     0 | D:1      | H0rd4k the Octopode Artificer began the quest for the Orb.
     0 | D:1      | Reached XP level 1. HP: 13/13 MP: 1/1
   192 | D:1      | Reached XP level 2. HP: 18/18 MP: 2/2
   756 | D:1      | Reached XP level 3. HP: 23/23 MP: 3/3
  1153 | D:2      | Noticed Terence
  1193 | D:2      | Reached skill level 2 in Stealth
  1348 | D:2      | Found a faded altar of an unknown god.
  1362 | D:2      | Noticed Jessica
  1372 | D:2      | Killed Jessica
  1373 | D:2      | Reached skill level 3 in Stealth
  1373 | D:2      | Reached skill level 1 in Unarmed Combat
  1373 | D:2      | Reached XP level 4. HP: 8/28 MP: 4/4
  1606 | D:2      | Killed Terence
  1997 | D:3      | HP: 1/28 [orc/+0 hand axe (4)]
  2500 | D:3      | Reached XP level 5. HP: 33/33 MP: 5/5
  2622 | D:3      | Reached skill level 4 in Stealth
  3422 | D:4      | Found Cop Gaif's Antique Weapon Shoppe.
  3517 | D:4      | Noticed Pargi
  3570 | D:4      | Reached XP level 6. HP: 29/38 MP: 6/6
  3649 | D:4      | Killed Pargi
  3650 | D:4      | Reached skill level 5 in Stealth
  3917 | D:4      | Noticed Blork the orc
  3923 | D:4      | Killed Blork the orc
  4164 | D:5      | Entered Level 5 of the Dungeon
  4304 | D:5      | Reached XP level 7. HP: 37/45 MP: 7/7
  4703 | D:5      | Found an opulent altar of Gozag.
  4704 | D:5      | Found an opulent altar of Gozag.
  4707 | D:5      | Found an opulent altar of Gozag.
  4710 | D:5      | Became a worshipper of Gozag Ym Sagoz the Greedy
  4724 | D:5      | Reached skill level 6 in Stealth
  4771 | D:5      | Found an opulent altar of Gozag.
  4925 | D:5      | Slain by an iguana

Illustrated notes

Levels and vault maps discovered:
D:1:      spicycebolla_arrival_risky_transporter, layout_loops_corners,
          minmay_misc_feat_doors, minmay_lizard_king
D:2:      layout_rooms, hellmonk_ecumenical_altar_lost_god, serial_bayou_ford_a,
          uniq_terence, uniq_jessica
D:3:      layout_loops_corners, nicolae_hexahallways, kennysheep_another_room
D:4:      layout_basic, serial_shops, shop, uniq_pargi, uniq_blork_the_orc
D:5:      layout_basic, nicolae_gozag_conspicuous_consumption, serial_shops,
          shop, dreamdust_gnoll_farm

Skill      XL: |  1  2  3  4  5  6  7 |
---------------+----------------------+-----
Stealth        | 3 4 5 6 |  6.3
Evocations     | 4 |  4.7
Dodging        | 3 |  3.9
Unarmed Combat | 1 2 3 4 |  4.2
Fighting       | 2 |  2.1

Action                     |  1- 3 |  4- 6 |  7- 9 || total
---------------------------+-------+-------+-------++-------
  Melee: Unarmed           |    97 |    92 |    30 ||   219
         Constrict         |    23 |    23 |    10 ||    56
         Tentacles         |    20 |    21 |    13 ||    54
         Punch             |     3 |     4 |     1 ||     8
  Evoke: Wand              |     5 |    18 |     6 ||    29
   Stab: Sleeping          |    14 |     9 |     3 ||    26
 Armour: Skin              |     6 |     2 |       ||     8
  Dodge: Dodged            |    68 |    49 |    22 ||   139
